 Dungeon Crawl Stone Soup version 0.19.3-4-gbf9329e (webtiles) character file.

31363 TuxedoFelix the Fighter (level 13, 0/124 HPs)
             Began as a Minotaur Fighter on Jan 28, 2017.
             Was an Elder of the Shining One.
             Slain by a catoblepas (6 damage)
             ... on level 15 of the Dungeon.
             The game lasted 01:53:00 (18017 turns).

TuxedoFelix the Fighter (Minotaur Fighter)         Turns: 18017, Time: 01:53:00

Health: 0/124      AC: 21    Str: 30    XL:     13   Next: 25%
Magic:  12/19      EV:  2    Int:  5    God:    the Shining One [****..]
Gold:   507        SH:  0    Dex: 10    Spells: 0 memorised, 12 levels left

rFire  . . .     SeeInvis .     N - +3 great sword
rCold  . . .     Gourm    .     r - +4 plate armour
rNeg   + + +     Faith    +     (shield currently unavailable)
rPois  ∞         Spirit   .     (helmet restricted)
rElec  .         Reflect  .     (no cloak)
rCorr  .         Harm     .     (no gloves)
MR     +....                    l - +0 pair of boots {run}
Stlth  ..........               H - amulet of faith
                                I - ring of protection from magic
                                k - +4 ring of strength

@: divine shield, petrified, glowing, quick
A: retaliatory headbutt, horns 2
a: Divine Shield, Cleansing Flame, Renounce Religion


You were on level 15 of the Dungeon.
You worshipped the Shining One.
The Shining One was greatly pleased with you.
You were not hungry.

You visited 2 branches of the dungeon, and saw 16 of its levels.

You collected 716 gold pieces.
You spent 209 gold pieces at shops.

Inventory:

Hand Weapons
 N - a +3 great sword (weapon)
Armour
 l - a +0 pair of boots of running (worn)
 r - a +4 plate armour (worn)
 J - the +0 shield "Enkuzxa" {Str+2}
   (You bought it in a shop on level 10 of the Dungeon)

   It affects your strength (+2).
Jewellery
 k - a +4 ring of strength (left hand)
 v - an uncursed amulet of guardian spirit
 H - an amulet of faith (around neck)
 I - a ring of protection from magic (right hand)
Wands
 c - a wand of disintegration (7/24)
 d - a wand of lightning (7/15)
 s - a wand of paralysis (15/24)
 x - a wand of acid (11/15)
 D - a wand of lightning (9/15)
 E - a wand of disintegration (11/24)
 F - a wand of paralysis (12/24)
 G - a wand of digging (17/24)
Scrolls
 a - a scroll of teleportation
 j - 3 scrolls of recharging
 p - 5 scrolls of amnesia
 t - a scroll of fog
 y - 2 scrolls of magic mapping
 A - a scroll of remove curse
Potions
 b - a potion of degeneration {unknown}
 e - a potion of lignification {unknown}
 i - 4 potions of brilliance
 m - a potion of berserk rage {unknown}
 u - a potion of flight {unknown}
 w - a potion of agility
Books
 M - a book of Spatial Translocations

   Spells                             Type                      Level
   a - Blink                          Translocation                2
   b - Shroud of Golubria             Charms/Translocation         2
   c - Lesser Beckoning               Translocation                3
   d - Portal Projectile              Translocation                3
   e - Teleport Other                 Translocation                3
   f - Passage of Golubria            Translocation                4
Miscellaneous
 o - a fan of gales
Comestibles
 f - 5 bread rations
 g - 8 slices of pizza
 h - 7 meat rations
 B - 3 fruits
 C - a beef jerky


   Skills:
 + Level 14.2 Fighting
 + Level 11.9 Long Blades
 + Level 12.4 Armour
 + Level 12.1 Shields
 * Level 9.3 Invocations


You had 12 spell levels left.
You didn't know any spells.

Dungeon Overview and Level Annotations

Branches:
Dungeon (15/15)            Temple (1/1) D:6            Lair (0/6) D:10
    Orc (0/2) D:12         Vaults (0/5) D:13         Depths (0/5) D:15

Altars:
Ashenzari
Cheibriados
Dithmenos
Elyvilon
Fedhas
Gozag
Hepliaklqana
Kikubaaqudgha
Makhleb
Nemelex Xobeh
Okawaru
Qazlal
Ru
Sif Muna
Trog
Uskayaw
Vehumet
Xom
Yredelemnul
Zin
The Shining One

Shops:
D:4 }   D:7 (   D:10 [

Annotations:
D:6 Sigmund
D:13 exclusion: orange crystal statue


Innate Abilities, Weirdness & Mutations

You reflexively headbutt those who attack you in melee.
You have a pair of horns on your head.


Message History

Your limbs are stiffening.
You slash the catoblepas! Your headbutt misses the catoblepas.
The catoblepas is moderately wounded.
The catoblepas gores you but does no damage.
The catoblepas gores you!!
* * * LOW HITPOINT WARNING * * *
You have turned to stone.
The catoblepas breathes a plume of calcifying dust at you.
The blast of calcifying dust hits you!
You are engulfed in calcifying dust.
The catoblepas gores you.
* * * LOW HITPOINT WARNING * * *
You are engulfed in calcifying dust.
The catoblepas gores you but does no damage.
You are engulfed in calcifying dust.
The catoblepas completely misses you.
A skeletal warrior comes into view. It is wielding a long sword.
You are engulfed in calcifying dust.
The catoblepas breathes a plume of calcifying dust at you.
The blast of calcifying dust hits you! The catoblepas gores you!
You die...

#... #..#
#..##
#.%.. #...
#..# #..#
#Y@#######
#.......z.
#(........
#(########
#(# #.#
#.. #..#
#..#


You could see a catoblepas and a skeletal warrior.

Vanquished Creatures
  A hydra (D:14)
  2 centaur warriors
  2 dancing weapons (D:13)
  A tengu warrior (D:13)
  2 unseen horrors
  9 hill giants
  4 ugly things
  A wolf spider zombie (D:14)
  A manticore (D:12)
  A cyclops (D:15)
  A deep elf mage (D:13)
  Maurice (D:10)
  A gargoyle (D:10)
  2 centaur skeletons
  A kobold demonologist (D:10)
  The ghost of Mefis the Magician, a novice DEWz of Sif Muna (D:6)
  The ghost of Paps the Chopper, an amateur HOMo (D:3)
  3 trolls
  3 hornets
  4 slime creatures (D:15)
  6 hippogriffs
  8 yaks
  A vampire (D:14)
  A human (D:8)
  A wraith (D:12)
  3 hungry ghosts
  2 vampire mosquitoes (D:15)
  A mottled dragon (D:13)
  A soldier ant (D:12)
  3 water moccasins
  10 orc warriors
  A black bear (shapeshifter) (D:13)
  A black bear (D:6)
  An eye of draining (D:13)
  2 sky beasts
  8 ice beasts
  4 necrophages
  3 phantoms
  5 ogres
  22 centaurs
  A centaur (shapeshifter) (D:14)
  A crocodile (D:11)
  A big kobold (D:9)
  Blork the orc (D:6)
  13 bullfrogs
  A gnoll sergeant (D:13)
  2 wyvern skeletons
  7 scorpions
  27 wights
  A howler monkey (D:4)
  9 crimson imps
  3 bullfrog zombies
  5 centaur zombies
  3 quasits
  6 orc priests
  2 bullfrog skeletons
  6 hounds
  4 jellies
  19 orc wizards
  Crazy Yiuf (D:6)
  6 iguanas
  12 worker ants
  2 hound zombies
  4 mummies (D:12)
  A worker ant zombie (D:7)
  4 gnolls
  9 adders
  6 shadow imps
  4 oozes
  5 adder skeletons
  2 dart slugs (D:1)
  2 leopard geckos
  66 orcs
  A ball python (D:4)
  4 giant cockroaches
  5 goblins
  8 hobgoblins
  6 jackals
  4 quokkas
  9 bats
  A frilled lizard (D:1)
  A goblin skeleton (D:7)
  2 goblin zombies (D:7)
  3 hobgoblin zombies (D:7)
  13 kobolds
  A kobold skeleton (D:7)
  A kobold zombie (D:7)
  2 leopard gecko skeletons (D:5)
  An orc skeleton (D:7)
  2 quokka skeletons (D:6)
  A quokka zombie (D:5)
  8 rats
435 creatures vanquished.

Notes
Turn   | Place    | Note
-------+----------+-------------------------------------------
     0 | D:1      | TuxedoFelix the Minotaur Fighter began the quest for the Orb.
     0 | D:1      | Reached XP level 1. HP: 19/19 MP: 0/0
   105 | D:1      | Reached XP level 2. HP: 26/27 MP: 1/1
   370 | D:1      | Identified a +0 pair of boots of running (You found it on level 1 of the Dungeon)
   480 | D:1      | Reached XP level 3. HP: 33/33 MP: 2/2
   666 | D:1      | Reached skill level 4 in Fighting
  1317 | D:2      | Reached XP level 4. HP: 32/40 MP: 3/3
  2283 | D:3      | Noticed Paps's ghost (amateur HOMo)
  2318 | D:3      | Killed Paps's ghost
  2318 | D:3      | Reached skill level 5 in Fighting
  2318 | D:3      | Reached skill level 5 in Shields
  2318 | D:3      | Reached XP level 5. HP: 36/48 MP: 4/4
  2318 | D:3      | Reached XP level 6. HP: 42/56 MP: 5/5
  2728 | D:3      | Reached skill level 5 in Armour
  3179 | D:4      | Found Yrisemm's Gadget Shop.
  3218 | D:4      | Reached skill level 6 in Fighting
  3375 | D:4      | Reached XP level 7. HP: 59/63 MP: 6/6
  3727 | D:4      | Reached skill level 5 in Long Blades
  4331 | D:5      | Entered Level 5 of the Dungeon
  4546 | D:5      | Reached skill level 7 in Fighting
  4701 | D:5      | Reached XP level 8. HP: 68/73 MP: 7/7
  4751 | D:5      | Found a glowing silver altar of Zin.
  4882 | D:6      | Found a staircase to the Ecumenical Temple.
  4891 | Temple   | Entered the Ecumenical Temple
  5594 | D:6      | Reached skill level 8 in Fighting
  5702 | D:6      | Noticed Mefis's ghost (novice DEWz)
  5724 | D:6      | Killed Mefis's ghost
  6128 | D:6      | Reached skill level 9 in Fighting
  6250 | D:6      | Found a runed door.
  6254 | D:6      | Noticed Crazy Yiuf
  6260 | D:6      | Killed Crazy Yiuf
  6417 | D:6      | Noticed Blork the orc
  6418 | D:6      | Noticed Sigmund
  6431 | D:6      | Killed Blork the orc
  6836 | D:6      | Reached XP level 9. HP: 83/83 MP: 8/8
  7061 | D:7      | Found a shattered altar of Ashenzari.
  7156 | D:7      | Found an iron altar of Okawaru.
  7186 | D:7      | Found Ysi Kutz's Antique Weapon Shoppe.
  7198 | D:7      | Found a glowing golden altar of the Shining One.
  7464 | D:7      | Became a worshipper of the Shining One
  7589 | D:7      | Found a stormy altar of Qazlal.
  7696 | D:7      | Reached skill level 10 in Fighting
  8598 | D:8      | Found a shadowy altar of Dithmenos.
  8688 | D:8      | Noticed a hill giant
  8696 | D:8      | Killed a hill giant
  8711 | D:8      | Reached * piety under the Shining One
  8747 | D:8      | Reached skill level 11 in Fighting
  8843 | D:8      | Reached XP level 10. HP: 93/95 MP: 9/9
  9489 | D:9      | Reached ** piety under the Shining One
  9792 | D:9      | Found a blossoming altar of Fedhas.
 10174 | D:10     | Entered Level 10 of the Dungeon
 10199 | D:10     | Noticed a soul eater
 10475 | D:10     | Found a staircase to the Lair.
 10506 | D:10     | Reached skill level 12 in Fighting
 10724 | D:10     | Noticed Maurice
 10729 | D:10     | Noticed a gargoyle
 10739 | D:10     | Killed Maurice
 10749 | D:10     | Killed a gargoyle
 10871 | D:10     | Found Tocasiup's Antique Armour Emporium.
 10880 | D:10     | Bought a twisted shield for 209 gold pieces
 10897 | D:10     | Reached skill level 10 in Armour
 11013 | D:10     | Identified the cursed +0 shield "Enkuzxa" {Str+2} (You bought it in a shop on level 10 of the Dungeon)
 11137 | D:10     | Reached skill level 1 in Invocations
 11608 | D:11     | Noticed a hill giant
 11617 | D:11     | Killed a hill giant
 11617 | D:11     | Reached XP level 11. HP: 61/105 MP: 7/11
 11892 | D:11     | Noticed a hill giant
 11904 | D:11     | Killed a hill giant
 11904 | D:11     | Reached skill level 10 in Shields
 12088 | D:11     | Noticed a purple ugly thing
 12105 | D:11     | Killed a purple ugly thing
 12132 | D:11     | Reached *** piety under the Shining One
 12232 | D:11     | Noticed a hill giant
 12240 | D:11     | Killed a hill giant
 12240 | D:11     | Reached skill level 10 in Long Blades
 12374 | D:11     | Noticed a seven-headed hydra
 12872 | D:12     | Found a staircase to the Orcish Mines.
 12996 | D:12     | Reached skill level 13 in Fighting
 13056 | D:12     | Noticed a hill giant
 13058 | D:12     | Noticed an unseen horror
 13067 | D:12     | Killed an unseen horror
 13073 | D:12     | Killed a hill giant
 13083 | D:12     | Reached **** piety under the Shining One
 13083 | D:12     | Reached skill level 5 in Invocations
 13243 | D:12     | Noticed a purple ugly thing
 13266 | D:12     | Killed a purple ugly thing
 13348 | D:12     | Noticed a green ugly thing
 13356 | D:12     | Killed a green ugly thing
 13511 | D:12     | Noticed a hill giant
 13523 | D:12     | Killed a hill giant
 13679 | D:12     | Reached XP level 12. HP: 106/115 MP: 11/15
 13740 | D:12     | Noticed a centaur warrior
 13752 | D:12     | Killed a centaur warrior
 14211 | D:12     | Reached ***** piety under the Shining One
 15202 | D:13     | Found a gate to the Vaults.
 15862 | D:13     | Paralysed by a hornet for 2 turns
 16205 | D:13     | Noticed a centaur warrior
 16225 | D:13     | Killed a centaur warrior
 16225 | D:13     | Reached skill level 14 in Fighting
 16418 | D:13     | Reached XP level 13. HP: 124/124 MP: 18/18
 17597 | D:15     | Entered Level 15 of the Dungeon
 17942 | D:15     | Found a staircase to the Depths.
 17942 | D:15     | Noticed a fire giant
 18011 | D:15     | HP: 5/124 [catoblepas (17)]
 18017 | D:15     | Slain by a catoblepas

Skill      XL: |  1  2  3  4  5  6  7  8  9 10 11 12 13 |
---------------+----------------------------------------+-----
Shields        | 4 5 6 7 8 9 10 11 12 | 12.1
Armour         | 4 5 6 7 8 10 11 12 | 12.4
Long Blades    | 3 4 5 7 8 9 10 11 | 11.9
Fighting       | 4 5 6 7 9 11 12 13 14 | 14.2
Invocations    | 2 5 8 9 |  9.3

Action                   |  1- 3 |  4- 6 |  7- 9 | 10-12 | 13-15 || total
-------------------------+-------+-------+-------+-------+-------++-------
Melee: Long sword        |    96 |   227 |   462 |   772 |    10 ||  1567
       Headbutt          |    11 |    33 |   107 |   200 |    29 ||   380
       Great sword       |       |       |       |       |    65 ||    65
       Unarmed           |       |       |       |       |    28 ||    28
Invok: Divine Shield     |       |       |       |    28 |     7 ||    35
       Cleansing Flame   |       |       |       |     5 |     5 ||    10
Evoke: Wand              |       |       |       |     3 |       ||     3
  Use: Potion            |     1 |     1 |     3 |     6 |     2 ||    13
       Scroll            |       |     2 |    10 |     9 |     8 ||    29
  Eat: Chunk             |     1 |     2 |     7 |    14 |     3 ||    27
       Bread ration      |       |     1 |     1 |     2 |     1 ||     5
       Fruit             |       |       |     2 |     1 |       ||     3
       Beef jerky        |       |       |     3 |     2 |       ||     5
       Meat ration       |       |       |       |     1 |       ||     1
Armor: Scale mail        |    24 |       |       |       |       ||    24
       Plate armour      |    42 |   146 |   248 |   302 |   111 ||   849
Dodge: Dodged            |    29 |    41 |    98 |   127 |    55 ||   350
Block: Shield            |    57 |   148 |   239 |   565 |    26 ||  1035
       Other             |       |       |       |       |    40 ||    40
       Rpst.: Long sword |     5 |    12 |    21 |    33 |     1 ||    72
       Great sword       |       |       |       |       |     6 ||     6
